 Dungeon Crawl Stone Soup version 0.17-a0-1582-ge6b0260 (webtiles) character file.

197 volk64 the Insei (level 5, -1/34 HPs)
             Began as an Octopode Transmuter on July 27, 2015.
             Slain by a jackal (2 damage)
             ... on level 3 of the Dungeon.
             The game lasted 00:14:35 (2697 turns).

volk64 the Insei (Octopode Transmuter)              Turns: 2697, Time: 00:14:35

Health: -1/34      AC:  1    Str:  9    XL:     5   Next: 75%
Magic:  2/8        EV: 13    Int: 16    God:
Gold:   102        SH:  0    Dex: 13    Spells: 3 memorised, 2 levels left

rFire  . . .     SeeInvis .     i - +5 short sword (venom)
rCold  . . .     Clarity  .     (no shield)
rNeg   . . .     SustAt   .     (helmet restricted)
rPois  .         Gourm    .     (no amulet)
rElec  .         Spirit   .     (no ring)
rCorr  .         Warding  .     (no ring)
rMut   .         Stasis   .     (no ring)
MR     .....                    (no ring)
Stlth  +++.......               (no ring)
                                (no ring)
                                (no ring)
                                (no ring)

@: very slightly contaminated, not resistant to hostile enchantments, fairly
stealthy
A: almost no armour, amphibious, 8 rings, constrict 8, camouflage 1, gelatinous
body 1
a: no special abilities


You were on level 3 of the Dungeon.
You were not hungry.

You visited 1 branch of the dungeon, and saw 3 of its levels.

You collected 102 gold pieces.

Inventory:

Hand weapons
 i - a +5 short sword of venom (weapon)
Missiles
 a - 51 arrows
 d - 95 stones (quivered)
Scrolls
 h - a scroll of noise
Potions
 e - 4 potions of heal wounds
 g - 2 potions of curing
 j - a potion of agility {unknown}
 p - a potion of ambrosia {unknown}
Books
 b - a book of Changes

   Spells                             Type                      Level
   a - Beastly Appendage              Transmutation                1
   b - Sticks to Snakes               Transmutation                2
   c - Spider Form                    Transmutation/Poison         3
   d - Ice Form                       Ice/Transmutation            4
   e - Blade Hands                    Transmutation                5
Comestibles
 c - 5 chunks of flesh
 f - a meat ration
 k - a royal jelly
 o - 2 beef jerkies


   Skills:
 + Level 2.1 Fighting
 + Level 1.4 Short Blades
 + Level 3.3 Dodging
 + Level 3.0 Stealth
 + Level 3.9 Unarmed Combat
 + Level 2.3 Spellcasting
 + Level 2.0 Transmutations


You had 2 spell levels left.
You knew the following spells:

 Your Spells              Type           Power        Failure   Level  Hunger
a - Beastly Appendage     Trmt           #.....       10%         1    #......
b - Sticks to Snakes      Trmt           #.........   14%         2    ###....
c - Spider Form           Trmt/Pois      #.........   38%         3    ###....


Dungeon Overview and Level Annotations

Branches:
Dungeon (3/15)

Altars:
Trog


Innate Abilities, Weirdness & Mutations

You cannot wear most types of armour.
You are amphibious.
You can wear up to eight rings at the same time.
You can use your tentacles to constrict eight enemies at once.
Your skin changes colour to match your surroundings (Stealth).
Your rubbery body absorbs attacks (AC +1).


Message History

You are too injured to fight recklessly!
You are too injured to fight recklessly!
You are too injured to fight recklessly!
You release your grip on Natasha.
The shadow imp barely misses you. Natasha claws you!
* * * LOW HITPOINT WARNING * * *
Unknown command.
Really walk into that cloud of flame? [Y]es or [N]o only, please.
Really walk into that cloud of flame? [Y]es or [N]o only, please.
Really walk into that cloud of flame?
Okay, then.
You puncture Natasha!
You kill Natasha!
Natasha screams in fury as she dies!
Your Stealth skill increases to level 3!
The shadow imp disappears in a puff of smoke!
You barely miss the jackal. Your grab misses the jackal. The jackal bites you.
You die...

.##.#########.# .#..#
#.# .#.## #.#
.#.######## #.#
..........# #.#
##.######.# #.### #.#
#.# #...######
#.######.###.#..hh..#
#<#..<......###@###.#
#.#.#######.# ♣§♣ #.#
#.# ♣.♣ #. #.. ...
###♣♣.♣ ♣.♣ #.# #.#


You could see 2 jackals.

Vanquished Creatures
  Jessica (D:3)
  Natasha (D:3)
  4 gnolls
  2 adders
  4 oozes
  A worm (D:2)
  3 giant geckos
  An orc (D:3)
  2 giant cockroaches (D:1)
  11 goblins
  7 hobgoblins
  5 jackals
  5 kobolds
  2 quokkas
  6 bats
  3 giant newts
  11 rats
69 creatures vanquished.

Notes
Turn   | Place    | Note
--------------------------------------------------------------
     0 | D:1      | volk64 the Octopode Transmuter began the quest for the Orb.
     0 | D:1      | Reached XP level 1. HP: 13/13 MP: 3/3
    58 | D:1      | Reached XP level 2. HP: 9/18 MP: 5/5
    62 | D:1      | Learned a level 2 spell: Sticks to Snakes
   401 | D:1      | Reached XP level 3. HP: 23/23 MP: 6/6
   879 | D:1      | Learned a level 3 spell: Spider Form
  1459 | D:2      | Reached XP level 4. HP: 15/28 MP: 7/7
  1460 | D:2      | Reached skill level 1 in Stealth
  2148 | D:2      | Found a bloodstained altar of Trog.
  2216 | D:2      | Reached skill level 1 in Short Blades
  2395 | D:3      | Reached XP level 5. HP: 24/33 MP: 4/8
  2624 | D:3      | Noticed Jessica
  2628 | D:3      | Killed Jessica
  2688 | D:3      | Noticed Natasha
  2695 | D:3      | HP: 1/34 [Natasha (8)]
  2696 | D:3      | Killed Natasha
  2697 | D:3      | Slain by a jackal

Vault maps used:
D:1:      erik_arrival_gehennom
D:2:      wad_crossroads, lightli_temple_of_fire, st_stairs_1
D:3:      minmay_tree_intersection, uniq_jessica, uniq_natasha

Action                   |  1- 3 |  4- 6 || total
-------------------------+-------+-------++-------
Melee: Unarmed           |    32 |    10 ||    42
       Short sword       |    45 |    64 ||   109
 Cast: Beastly Appendage |     4 |       ||     4
       Spider Form       |     1 |     1 ||     2
  Use: Scroll            |     1 |     6 ||     7
       Potion            |     3 |       ||     3
 Stab: Sleeping          |     3 |     7 ||    10
       Distracted        |     2 |       ||     2
  Eat: Chunk             |     1 |     1 ||     2
       Bread ration      |       |     1 ||     1
